 Dungeon Crawl Stone Soup version 0.31-a0-208-gdb31a4691d (webtiles) character file.

Game seed: 13412241892873735147

30102 Moral the Grappler (level 13, -1/205 HPs)
             Began as a Troll Berserker on June 28, 2023.
             Was an Elder of Trog.
             Killed by Olgreb's Toxic Radiance
             ... invoked by a naga ritualist
              (4 damage)
             ... on level 1 of the Snake Pit on June 29, 2023.
             The game lasted 00:44:19 (10450 turns).

Moral the Grappler (Troll Berserker)               Turns: 10450, Time: 00:44:19

Health: -1/205     AC: 24    Str: 32    XL:     13   Next: 18%
Magic:  0/12       EV:  4    Int:  6    God:    Trog [****..]
Gold:   780        SH: 12    Dex: 14    Spells: 12/12 levels left

rFire   + .          .
                       - Unarmed
rCold   + . .        I - -2 tower shield of Twilight {rElec Dex+5}
rNeg    . . .        t - +3 gold dragon scales "Ycsi" {rPois rF+ rC+ rCorr}
rPois   .            D - +2 hat {Int+3}
rElec   +            (no cloak)
rCorr   +            (gloves unavailable)
SInv    .            (boots unavailable)
Will    .....        h - amulet of regeneration Stlth
                     b - ring of poison resistance
HPRegen 2.14/turn    E - ring of resist corrosion
MPRegen 0.13/turn

%: no passive effects
@: berserking (expiring), lethally poisoned (-1 -> -24), poison vulnerable, very
quick
A: large, unfitting armour, claws 3, regeneration 1, shaggy fur 1, tough skin 1,
deterioration 1, sense surroundings 1, electricity resistance
a: Renounce Religion, Berserk, Trog's Hand, Brothers in Arms


You were on level 1 of the Snake Pit.
You worshipped Trog.
Trog was greatly pleased with you.
You visited 3 branches of the dungeon, and saw 12 of its levels.
You also visited: Bailey.

You collected 780 gold pieces.

Inventory:

Missiles
 A - a throwing net
Armour
 t - the +3 gold dragon scales "Ycsi" (worn) {rPois rF+ rC+ rCorr}
   (You acquired it on level 5 of the Dungeon)

   rF:        It protects you from fire.
   rC:        It protects you from cold.
   rPois:     It protects you from poison.
   rCorr:     It protects you from acid and corrosion.
 D - a +2 hat of intelligence (worn)
 I - the -2 tower shield of Twilight (worn) {rElec Dex+5}
   (You acquired it on level 2 of the Lair of Beasts)

   Dex:       It affects your dexterity (+5).
   rElec:     It insulates you from electricity.
Jewellery
 b - a ring of poison resistance (left claw)
 h - an amulet of regeneration (around neck)
 E - a ring of resist corrosion (right claw)
Wands
 m - a wand of flame (36)
 p - a wand of quicksilver (7)
 y - a wand of roots (9)
 z - a wand of polymorph (10)
 C - a wand of paralysis (10)
Scrolls
 a - 2 scrolls of silence
 c - 7 scrolls of amnesia
 f - 2 scrolls of noise
 g - a scroll of enchant armour
 i - 10 scrolls of teleportation
 j - 2 scrolls of immolation
 k - 2 scrolls of brand weapon
 l - a scroll of summoning
 v - 2 scrolls of enchant weapon
 F - a scroll of revelation
 G - 4 scrolls of blinking
 H - a scroll of poison
Potions
 d - 7 potions of heal wounds
 e - 5 potions of attraction
 n - 6 potions of curing
 o - 7 potions of might
 q - 3 potions of magic
 r - 2 potions of resistance
 s - 2 potions of haste
 u - 2 potions of lignification
 w - 2 potions of invisibility
 x - a potion of cancellation
Miscellaneous
 B - a tin of tremorstones (2/2)


   Skills:
 + Level 11.1 Fighting
 + Level 9.5 Armour
 - Level 5.5 Dodging
 * Level 5.3 Shields
 + Level 13.0 Unarmed Combat


You had 12 spell levels left.
You didn't know any spells.
Your spell library was empty.

Dungeon Overview and Level Annotations

Branches:
Dungeon (9/15)             Temple (0/1) D:5            Lair (2/5) D:9
 Shoals (0/4) Lair:2        Snake (1/4) Lair:2       Bailey (visited)
    Orc: D:9-12

Altars:
Cheibriados
Elyvilon
Gozag
Okawaru
Qazlal
Sif Muna
Trog
Uskayaw
Yredelemnul


Innate Abilities, Weirdness & Mutations

You are too large for most types of armour.
You have claws for hands.
Your natural rate of healing is unusually fast.
You are covered in fur. (AC +1)
You have tough skin. (AC +1)
Your body sometimes deteriorates upon taking damage.
You passively map a small area around you.
You are resistant to electric shocks. (rElec)


Message History

You closely miss the black mamba.
* * * LOW HITPOINT WARNING * * *
You feel extremely sick. The mana viper bites you!
* * * LOW HITPOINT WARNING * * *
You feel your power leaking away. The black mamba barely misses you.
The black mamba bites you but does no damage.
You eviscerate the black mamba!!!
The black mamba is almost dead.
* * * LOW HITPOINT WARNING * * *
You feel extremely sick.
* * * LOW HITPOINT WARNING * * *
You are more poisoned.
You block the black mamba's attack.
The black mamba bites you but does no damage.
The mana viper bites you but does no damage.
You are too berserk!
You are too berserk!
You scratch the black mamba.
You kill the black mamba!
Trog accepts your kill.
* * * LOW HITPOINT WARNING * * *
You feel extremely sick.
* * * LOW HITPOINT WARNING * * *
You are more poisoned.
You block the black mamba's attack.
The mana viper bites you but does no damage.
The black mamba bites you but does no damage.
You eviscerate the black mamba!!!
You kill the black mamba!
Trog accepts your kill.
* * * LOW HITPOINT WARNING * * *
You feel extremely sick.
The mana viper bites you but does no damage.
You mangle the naga ritualist!!
The naga ritualist is moderately wounded.
* * * LOW HITPOINT WARNING * * *
You feel very sick.
You die...

#...##
##..##......# ##.
#...#
#...#.......# #.
#...#
#...........## ##
#...#
#............# #
#...#
##.......##...## #
#...#
##.......####...##
#...#*#.......##
##...## ###
#....##.(.##..##
##...###... ,
,#8...8#.@†#
#..)...... # *,
,##...##NS†#
##........ #
*#...##...#
##....### #
,##...##...#
#....# ## *
,#8...8#...#*
##....# .# *
##...##....
#.....# .## *
##.....##... *
#.....# ..#
###.......###..*
#..)..# ..#
#8.........8#,
#.....###


You could see a naga ritualist (toxic aura) and a mana viper.

Vanquished Creatures
  Gastronok (D:9)
  3 anacondas (Snake:1)
  A centaur warrior (D:8)
  Erica (Lair:2)
  4 death yaks
  A two-headed ogre (D:9)
  2 naga warriors (Snake:1)
  A naga sharpshooter (Snake:1)
  A salamander mystic (Snake:1)
  Pikel (D:8)
  A mana viper (Snake:1)
  An ugly thing (D:8)
  An elephant (D:9)
  A cyclops (D:8)
  A merfolk siren (Lair:2)
  7 black mambas (Snake:1)
  3 naga magi (Snake:1)
  2 cane toads (Lair:1)
  A gargoyle (D:8)
  Maggie (Lair:2)
  A rime drake (Lair:2)
  3 unseen horror zombies (D:8)
  A komodo dragon (Lair:2)
  A hornet (D:8)
  Grinder (D:3)
  5 blink frogs (Lair:1)
  Sigmund (D:4)
  20 yaks
  3 wyverns
  2 basilisks
  The ghost of innerfire43 the Trooper, an amateur DsMo of Jiyva (D:3)
  7 nagas (Snake:1)
  4 water moccasins
  2 orc warriors
  2 sky beasts
  An ice beast (D:7)
  3 black bears
  3 ogres
  13 wolves
  2 centaurs
  A lemure (D:8)
  A phantom (D:6)
  2 kobold brigands
  6 bullfrogs
  2 gnoll sergeants
  3 scorpions
  16 killer bees (D:9)
  2 electric eels (Lair:1)
  2 centaur zombies (D:8)
  4 hounds
  A jelly (D:8)
  Crazy Yiuf (D:2)
  6 orc priests
  A sleepcap (D:6)
  3 iguanas
  8 orc wizards
  Natasha (twice) (D:2)
  A killer bee zombie (D:8)
  2 scorpion simulacra (D:3)
  Robin (D:4)
  2 howler monkey zombies (D:8)
  7 adders
  20 gnolls
  A hound simulacrum (D:3)
  A shadow imp (D:6)
  A white imp (D:6)
  2 ufetubi
  3 worms
  4 dart slugs
  An adder simulacrum (D:3)
  37 orcs
  9 endoplasms
  5 giant cockroaches
  20 goblins
  14 hobgoblins
  5 jackals
  5 quokkas
  7 ball pythons
  A ball python simulacrum (D:3)
  9 bats
  4 frilled lizards
  A giant cockroach simulacrum (D:3)
  14 kobolds
  4 rats
353 creatures vanquished.

Vanquished Creatures (collateral kills)
  A merfolk siren (Lair:2)
  2 merfolk (Lair:2)
  4 nagas (Lair:2)
  3 wolves (Lair:2)
  2 bullfrogs (Lair:2)
12 creatures vanquished.

Grand Total: 365 creatures vanquished

Notes
Turn   | Place    | Note
-------+----------+-------------------------------------------
     0 | D:1      | Moral the Troll Berserker began the quest for the Orb.
     0 | D:1      | Reached XP level 1. HP: 22/22 MP: 0/0
    97 | D:1      | Reached XP level 2. HP: 22/29 MP: 1/1
   359 | D:1      | Reached XP level 3. HP: 24/36 MP: 2/2
   545 | D:2      | Reached ** piety under Trog
   578 | D:2      | Found an opulent altar of Gozag.
   724 | D:2      | Reached XP level 4. HP: 45/45 MP: 3/3
   932 | D:2      | Noticed Natasha
   937 | D:2      | Killed Natasha
   954 | D:2      | Found a runed translucent door.
   955 | D:2      | Noticed Crazy Yiuf
  1019 | D:2      | Killed Crazy Yiuf
  1020 | D:2      | Reached skill level 4 in Unarmed Combat
  1110 | D:2      | Noticed Natasha
  1117 | D:2      | Killed Natasha
  1118 | D:2      | Reached XP level 5. HP: 51/53 MP: 4/4
  1190 | D:3      | Noticed Grinder
  1201 | D:3      | Paralysed by Grinder for 3 turns
  1208 | D:3      | Killed Grinder
  1209 | D:3      | Reached XP level 6. HP: 38/62 MP: 5/5
  1323 | D:3      | Found a runed translucent gate.
  1323 | D:3      | Found a runed translucent gate.
  1323 | D:3      | Found a runed translucent gate.
  1354 | D:3      | Noticed innerfire43's ghost (amateur DsMo)
  1360 | D:3      | Killed innerfire43's ghost
  1361 | D:3      | Reached skill level 5 in Unarmed Combat
  1361 | D:3      | Reached XP level 7. HP: 71/71 MP: 6/6
  1361 | D:3      | Reached *** piety under Trog
  1732 | D:3      | Found a faded altar of an unknown god.
  2004 | D:4      | Noticed Sigmund
  2011 | D:4      | Killed Sigmund
  2367 | D:4      | Noticed Robin
  2378 | D:4      | Killed Robin
  2402 | D:4      | Reached **** piety under Trog
  2468 | D:4      | Reached skill level 5 in Fighting
  2469 | D:4      | Found a snail-covered altar of Cheibriados.
  2581 | D:4      | Reached skill level 5 in Dodging
  2661 | D:4      | Reached skill level 6 in Unarmed Combat
  2680 | D:5      | Entered Level 5 of the Dungeon
  2754 | D:5      | Noticed a +0 short sword
  2754 | D:5      | Noticed a +0 spear
  2755 | D:5      | Noticed a +0 dagger
  2755 | D:5      | Noticed a +0 falchion
  2756 | D:5      | Noticed a +0 spear
  2757 | D:5      | Noticed a +0 falchion
  2757 | D:5      | Noticed a +0 dagger
  2757 | D:5      | Noticed a +0 short sword
  2775 | D:5      | Found a hide-covered altar of Uskayaw.
  2797 | D:5      | Reached XP level 8. HP: 17/80 MP: 7/7
  2800 | D:5      | Found a staircase to the Ecumenical Temple.
  2921 | D:5      | Found a white marble altar of Elyvilon.
  3175 | D:5      | Noticed an air elemental
  3177 | D:5      | Found a stormy altar of Qazlal.
  3454 | D:5      | Identified a scroll of acquirement
  3454 | D:5      | Acquired the +3 gold dragon scales "Ycsi" {rPois rF+ rC+
                  | rCorr}
  3713 | D:6      | Reached skill level 1 in Armour
  3813 | D:6      | Found a bloodstained altar of Trog.
  3821 | D:6      | Reached skill level 7 in Unarmed Combat
  3830 | D:6      | Found a shimmering blue altar of Sif Muna.
  4043 | D:6      | Identified the +1 leather armour of Integrity {rN++ rCorr
                  | Slay+2 Stlth-}
  4121 | D:6      | Reached XP level 9. HP: 89/89 MP: 8/8
  5160 | D:7      | Found a flagged portal.
  5181 | Bailey   | Entered a bailey
  5222 | Bailey   | Reached ***** piety under Trog
  5379 | Bailey   | Reached skill level 8 in Unarmed Combat
  5507 | Bailey   | Gained mutation: Your body sometimes deteriorates upon
                  | taking damage. [potion of mutation]
  5507 | Bailey   | Gained mutation: You have a pair of small horns on your
                  | head. [potion of mutation]
  5508 | Bailey   | Lost mutation: You have a pair of small horns on your head.
                  | [potion of mutation]
  5508 | Bailey   | Lost mutation: Your body sometimes deteriorates upon taking
                  | damage. [potion of mutation]
  5508 | Bailey   | Gained mutation: You are resistant to electric shocks.
                  | (rElec) [potion of mutation]
  5508 | Bailey   | Gained mutation: Your body sometimes deteriorates upon
                  | taking damage. [potion of mutation]
  5508 | Bailey   | Gained mutation: You passively map a small area around you.
                  | [potion of mutation]
  5948 | D:8      | Noticed a centaur warrior
  5953 | D:8      | Noticed a gargoyle
  5957 | D:8      | Found the +7 sceptre of Torment {pain, torment}
  5961 | D:8      | Noticed a white ugly thing
  5972 | D:8      | Killed a white ugly thing
  5973 | D:8      | Noticed a cyclops
  5979 | D:8      | Killed a cyclops
  5980 | D:8      | Reached XP level 10. HP: 85/102 MP: 9/9
  6048 | D:8      | Found an iron altar of Okawaru.
  6064 | D:8      | Found a basalt altar of Yredelemnul.
  6069 | D:8      | Reached skill level 9 in Unarmed Combat
  6074 | D:8      | Reached skill level 5 in Armour
  6424 | D:8      | Killed a gargoyle
  6427 | D:8      | Killed a centaur warrior
  6486 | D:8      | Noticed Pikel
  6495 | D:8      | Killed Pikel
  6666 | D:9      | Reached skill level 10 in Unarmed Combat
  6674 | D:9      | Noticed a death yak
  6675 | D:9      | Noticed an elephant
  6689 | D:9      | Killed an elephant
  6691 | D:9      | Killed a death yak
  6698 | D:9      | Reached XP level 11. HP: 67/113 MP: 10/10
  6800 | D:9      | Received a gift from Trog
  6875 | D:9      | Found a staircase to the Lair.
  6973 | D:9      | Noticed Gastronok
  6987 | D:9      | Killed Gastronok
  7598 | D:9      | Noticed a two-headed ogre
  7603 | D:9      | Killed a two-headed ogre
  7604 | D:9      | Reached skill level 11 in Unarmed Combat
  7870 | Lair:1   | Entered Level 1 of the Lair of Beasts
  8342 | Lair:1   | Reached skill level 10 in Fighting
  8507 | Lair:1   | Received a gift from Trog
  8515 | Lair:1   | Reached XP level 12. HP: 121/126 MP: 11/11
  8949 | Lair:2   | Reached skill level 12 in Unarmed Combat
  8958 | Lair:2   | Noticed Erica
  8967 | Lair:2   | Killed Erica
  8975 | Lair:2   | Noticed Maggie
  8997 | Lair:2   | Killed Maggie
  9041 | Lair:2   | Found a staircase to the Snake Pit.
  9297 | Lair:2   | Acquired the -2 tower shield of Twilight {rElec Dex+5}
  9401 | Lair:2   | Noticed a death yak
  9403 | Lair:2   | Noticed a death yak
  9403 | Lair:2   | Noticed a death yak
  9409 | Lair:2   | Killed a death yak
  9410 | Lair:2   | Reached skill level 1 in Shields
  9417 | Lair:2   | Killed a death yak
  9423 | Lair:2   | Killed a death yak
  9563 | Lair:2   | Found a staircase to the Shoals.
  9747 | Snake:1  | Entered Level 1 of the Snake Pit
  9758 | Snake:1  | Noticed an anaconda
  9768 | Snake:1  | Killed an anaconda
  9776 | Snake:1  | Noticed a naga warrior
  9787 | Snake:1  | Killed a naga warrior
  9869 | Snake:1  | HP: 6/128 [naga/+0 glaive (15)]
  9869 | Snake:1  | HP: 1/128 [constriction (5)]
 10027 | Snake:1  | Noticed an anaconda
 10033 | Snake:1  | Killed an anaconda
 10034 | Snake:1  | Reached XP level 13. HP: 135/137 MP: 12/12
 10192 | Snake:1  | Found a basalt altar of Yredelemnul.
 10438 | Snake:1  | Reached skill level 5 in Shields
 10445 | Snake:1  | Reached skill level 13 in Unarmed Combat
 10449 | Snake:1  | HP: 8/205 [poisoned by a naga ritualist (toxic radiance)]
 10450 | Snake:1  | HP: 3/205 [poisoned by a naga ritualist (toxic radiance)]
 10450 | Snake:1  | Killed from afar by a naga ritualist

Illustrated notes

Levels and vault maps discovered:
D:1:      dpeg_arrival_houses_and_road, layout_basic
D:2:      layout_rooms, basic_altar, hangedman_glass_teeth,
          uniq_crazy_yiuf_cottage, uniq_natasha
D:3:      layout_loops_cross, shapermc_ecumenical_altar_acropolis,
          gammafunk_ghost_icy, st_stairs_11, uniq_grinder
D:4:      layout_basic, marbit_many_paths, minmay_quadrilaterals, uniq_sigmund,
          uniq_robin
D:5:      layout_loops_ring, nicolae_uskayaw_en_pointe,
          nicolae_qazlal_style_of_elements, elyvilon_altar_5,
          minmay_temple_entry_sparse_star
D:6:      layout_layer_cave, nzn_overflow_gifts_of_might_and_magic
D:7:      layout_gridville, enter_bailey_4
D:8:      layout_basic, nicolae_yredelemnul_corpse_copse,
          okawaru_ov_weapons_minmay, minmay_diamond_spiral, uniq_pikel
D:9:      layout_gridville, david_lair_generic, uniq_gastronok
Lair:1:   layout_regular_city, chequers_serial_rivers_small_3,
          guppyfry_lair_drakes, grunt_megastairs_4, infiniplex_staircase_pool
Lair:2:   layout_cellular_growth, elwin_shoals_entry_stream,
          minmay_snake_entry_guardpost_small, uniq_maggie, uniq_erica
Snake:1:  layout_onion, special_room, basic_altar, chequers_hall_statues_y

Skill      XL: |  1  2  3  4  5  6  7  8  9 10 11 12 13 |
---------------+----------------------------------------+-----
Fighting       | 3 4 5 6 7 8 10 11 | 11.1
Dodging        | 3 4 5 |  5.5
Unarmed Combat | 4 5 6 7 8 10 11 12 13 | 13.0
Armour         | 2 4 6 8 9 |  9.5
Shields        | 4 5 |  5.3

Action                     |  1- 3 |  4- 6 |  7- 9 | 10-12 | 13-15 || total
---------------------------+-------+-------+-------+-------+-------++-------
  Melee: Unarmed           |   120 |    73 |   358 |   512 |    46 ||  1109
         Punch             |       |     2 |    14 |    23 |       ||    39
 Invoke: Berserk           |       |     2 |     3 |     8 |     1 ||    14
         Trog's Hand       |       |       |     1 |     1 |       ||     2
         Brothers in Arms  |       |       |       |     1 |       ||     1
  Evoke: Wand              |       |       |     4 |       |       ||     4
    Use: Scroll            |       |       |    22 |     7 |       ||    29
         Potion            |       |       |     2 |     2 |       ||     4
 Armour: Animal skin       |    33 |    23 |    58 |       |       ||   114
         Gold dragon scale |       |       |   158 |   564 |    39 ||   761
  Dodge: Dodged            |    61 |    35 |   136 |   162 |     4 ||   398
  Block: Tower shield      |       |       |       |    71 |    36 ||   107

Table legend: (Time is in decaauts)
 A = Elapsed time spent in this place.
 B = Non-inter-level travel time spent in this place.
 C = Inter-level travel time spent in this place.
 D = Time resting spent in this place.
 E = Time spent auto-exploring this place.
 F = Levels seen in this place.
 G = Mean time per level.
                   A        B        C        D        E       F      G
               +--------+--------+--------+--------+--------+-----+--------+
         Total |  10441 |  10007 |    434 |    315 |   7259 |  13 |  803.2 |
       Dungeon |   7551 |   7172 |    379 |     65 |   5313 |   9 |  839.0 |
          Lair |   1862 |   1807 |     55 |    162 |   1291 |   2 |  931.0 |
     Snake Pit |    698 |    698 |      0 |     59 |    465 |   1 |  698.0 |
        Bailey |    329 |    329 |      0 |     28 |    189 |   1 |  329.0 |
               +--------+--------+--------+--------+--------+-----+--------+

Top non-repeatable levels by time:
     D:9: 1245 daAuts
     D:6: 1146 daAuts
  Lair:1: 998 daAuts
     D:8: 927 daAuts
  Lair:2: 864 daAuts
     D:4: 847 daAuts
     D:5: 826 daAuts
     D:7: 710 daAuts
 Snake:1: 698 daAuts
     D:3: 697 daAuts
     D:2: 651 daAuts
     D:1: 497 daAuts
  Bailey: 329 daAuts
